 Dungeon Crawl Stone Soup version 0.31-a0-705-ga145531891 (webtiles) character file.

Game seed: 3618966324283761681

1369 randomguy2701 the Cleaver (level 8, -8/54 (70) HPs)
             Began as a Hill Orc Fighter on Sept 9, 2023.
             Was an Initiate of Beogh.
             Mangled by a wight
             ... wielding a +0 battleaxe
              (9 damage)
             ... on level 6 of the Dungeon.
             The game lasted 00:06:22 (5079 turns).

randomguy2701 the Cleaver (Hill Orc Fighter)        Turns: 5079, Time: 00:06:23

HP:   -8/54 (70)    AC: 12    Str: 19    XL:     8   Next: 65%
MP:   8/8           EV:  6    Int: 14    God:    Beogh [......]
Gold: 208           SH:  5    Dex: 12    Spells: 7/7 levels left

rFire   . . .        b - +1 hand axe (vamp)
rCold   . . .        c - +0 buckler
rNeg    . . .        u - +0 plate armour
rPois   .            (no helmet)
rElec   .            (no cloak)
rCorr   .            (no gloves)
SInv    .            (no boots)
Will    .....        (no amulet) Stlth
                     v - +6 ring of intelligence
HPRegen 0.29/turn    (no ring)
MPRegen 0.11/turn

%: no passive effects
@: heavily drained
A: no striking features
a: Renounce Religion


You were on level 6 of the Dungeon.
You worshipped Beogh.
Beogh was noncommittal.
You visited 1 branch of the dungeon, and saw 6 of its levels.
You also visited: Ossuary.

You collected 208 gold pieces.

Inventory:

Hand Weapons
 b - a +1 vampiric hand axe (weapon)
Armour
 c - a +0 buckler (worn)
 u - a +0 plate armour (worn)
Jewellery
 v - a +6 ring of intelligence (left hand)
Wands
 a - a wand of paralysis (4)
Scrolls
 h - 2 scrolls of fog
 i - a scroll of enchant weapon {unknown}
 j - 2 scrolls of revelation {unknown}
 k - 2 scrolls of enchant armour {unknown}
 m - 3 scrolls of fear {unknown}
 q - 2 scrolls of poison
 s - a scroll of blinking {unknown}
 t - 2 scrolls of silence {unknown}
 w - 2 scrolls of teleportation {unknown}
 x - a scroll of amnesia {unknown}
Potions
 d - 4 potions of might
 e - 3 potions of enlightenment
 g - 2 potions of mutation
 l - 4 potions of brilliance
 o - a potion of heal wounds {unknown}
 p - 2 potions of haste {unknown}
 r - 3 potions of degeneration {unknown}
 z - a potion of magic {unknown}


   Skills:
 + Level 6.1 Fighting
 + Level 10.0 Axes
 + Level 5.6 Armour
 + Level 1.0 Dodging
 + Level 0.2 Stealth
 + Level 5.2 Shields


You had 7 spell levels left.
You didn't know any spells.
Your spell library was empty.

Dungeon Overview and Level Annotations

Branches:
Dungeon (6/15)             Temple (0/1) D:5         Ossuary (visited)

Altars:
Fedhas
Hepliaklqana
Qazlal
Uskayaw
Wu Jian
Yredelemnul


Message History

The jelly jiggles.
The jelly attacks as it pursues you! The jelly hits you but does no damage.
There is an open door here.
The wight attacks as it pursues you! You block the wight's attack.
You swap places.
The wight hits the orc priest with a +0 mace!
The orc priest invokes the aid of Beogh against the wight.
The wight is smitten.
The wight hits the orc priest with a +0 mace.
The orc priest dies!
You swap places.
Okay, then.
As you read the scroll of identify, it crumbles to dust.
l - 4 potions of brilliance The wight barely misses the orc wizard.
Okay, then.
As you read the scroll labelled NAFOGEIKHLA, it dissolves into smoke.
It was a scroll of fog.
The wight misses the orc wizard. x2
Something hits the orc wizard! x2
The orc wizard dies!
The air fills with toxic fumes!
As you read the scroll labelled BUXKIU BILE, it crumbles to dust.
It was a scroll of poison.
The wight barely misses you. The wight hits you with a +2 falchion.
* * * LOW HITPOINT WARNING * * *
The wight hits you but does no damage. The wight hits you with a +0 battleaxe.
* * * LOW HITPOINT WARNING * * *
You feel drained.
You hit the wight.
You destroy the wight!
Beogh accepts your kill.
You hit the wight. x2; The wight hits you with a +2 falchion!
* * * LOW HITPOINT WARNING * * *
Your Axes skill increases to level 10!
Unknown command.
You hit the wight.
The wight is lightly damaged.
You hit the wight but do no damage. The wight hits you with a +0 battleaxe!
You die...

#...#.$....#
#....#
#...#......#
####.#
#...#......#
#.#
#..J#......#
#.#
#zzz#..!...#
###.#
#.§§#?.....#
#<..# #§§J#
##### #§§z#
#§z@# #§§§#
#####


You could see a jelly and 2 wights.

Vanquished Creatures
  Sigmund (D:5)
  A water moccasin (D:6)
  Duvessa (D:4)
  An ice beast (D:6)
  A phantom (D:6)
  A scorpion (D:5)
  2 water moccasin zombies (Ossuary)
  2 wights (D:6)
  Dowan (D:4)
  5 hounds
  2 jellies
  An iguana (D:4)
  2 orc wizards
  A sleepcap (D:5)
  2 mummies (Ossuary)
  6 adders
  An ufetubus (D:6)
  4 adder zombies (Ossuary)
  A worm (D:3)
  2 dart slugs
  15 orcs
  9 ball pythons
  4 endoplasms
  2 giant cockroaches
  7 goblins
  7 hobgoblins
  9 jackals
  5 quokkas
  5 bats
  3 frilled lizards
  2 gnoll zombies (Ossuary)
  4 hobgoblin zombies (Ossuary)
  6 kobolds
  7 kobold zombies (Ossuary)
  3 orc zombies (Ossuary)
  10 rats
  A spectral orc (D:5)
137 creatures vanquished.

Vanquished Creatures (others)
  An orc priest (D:6)
  A sleepcap (D:6)
  An orc wizard (D:6)
3 creatures vanquished.

Grand Total: 140 creatures vanquished

Notes
Turn   | Place    | Note
-------+----------+-------------------------------------------
     0 | D:1      | randomguy2701 the Hill Orc Fighter began the quest for the
                  | Orb.
     0 | D:1      | Reached XP level 1. HP: 19/19 MP: 1/1
    81 | D:1      | Reached XP level 2. HP: 17/26 MP: 2/2
   344 | D:1      | Reached skill level 3 in Axes
   735 | D:2      | Reached XP level 3. HP: 33/33 MP: 3/3
   998 | D:2      | Reached XP level 4. HP: 40/40 MP: 4/4
  1725 | D:3      | Reached skill level 4 in Axes
  1781 | D:3      | Found a hazy altar of Hepliaklqana.
  1909 | D:3      | Reached XP level 5. HP: 46/46 MP: 5/5
  2204 | D:3      | Found an ornate altar of the Wu Jian Council.
  2531 | D:4      | Reached skill level 5 in Axes
  2696 | D:4      | Noticed a +0 hand axe
  2697 | D:4      | Noticed a +0 hand axe
  2699 | D:4      | Noticed Dowan
  2705 | D:4      | Found a hide-covered altar of Uskayaw.
  2705 | D:4      | Noticed Duvessa
  2710 | D:4      | Killed Dowan
  2711 | D:4      | Reached XP level 6. HP: 38/52 MP: 6/6
  2720 | D:4      | Killed Duvessa
  2721 | D:4      | Reached skill level 6 in Axes
  3540 | D:5      | Entered Level 5 of the Dungeon
  3547 | D:5      | Found a sand-covered staircase.
  3551 | Ossuary  | Entered an ossuary
  3650 | Ossuary  | Reached skill level 1 in Dodging
  3650 | Ossuary  | Reached XP level 7. HP: 56/60 MP: 7/7
  3667 | Ossuary  | Reached skill level 5 in Fighting
  3873 | D:5      | Found a blossoming altar of Fedhas.
  3924 | D:5      | Reached skill level 7 in Axes
  3997 | D:5      | Found a stormy altar of Qazlal.
  4012 | D:5      | Identified the +10 whip "Anoluatt" {speed, +Blink rPois
                  | Int+2}
  4240 | D:5      | Found a staircase to the Ecumenical Temple.
  4273 | D:5      | Reached skill level 5 in Armour
  4370 | D:5      | Found a basalt altar of Yredelemnul.
  4370 | D:5      | Noticed Sigmund
  4378 | D:5      | Killed Sigmund
  4379 | D:5      | Reached skill level 8 in Axes
  4379 | D:5      | Reached skill level 5 in Shields
  4379 | D:5      | Reached XP level 8. HP: 70/70 MP: 8/8
  4625 | D:6      | HP: 3/70 [ice beast (13)]
  4630 | D:6      | Reached skill level 9 in Axes
  4894 | D:6      | Noticed Blork the orc
  4899 | D:6      | Became a worshipper of Beogh the Brigand
  5038 | D:6      | HP: 2/56 [wight/+0 falchion (8)]
  5078 | D:6      | HP: 1/53 [wight/+2 falchion (9)]
  5079 | D:6      | Reached skill level 10 in Axes
  5079 | D:6      | Mangled by a wight

Illustrated notes

Levels and vault maps discovered:
D:1:      dpeg_arrival_prison, layout_basic
D:2:      minmay_diamond_boxcup, layout_loops_ring, roderic_lattice_a,
          chequers_hall_statues_corner_a
D:3:      layout_basic, general_overflow_altar, nicolae_hepliaklqana_hazy_memory
D:4:      layout_gridville, dancing_weapons_uskayaw,
          chequers_serial_rivers_small_3, uniq_duvessa
D:5:      layout_cave_pods, fedhas_altar_1, yredelemnul_forgotten_temple_becter,
          mainiacjoe_overflow_tiny_flanked, temple_statues,
          lightli_ossuary_entry_decrepit_ruins, grunt_decor_one_mirror,
          uniq_sigmund
D:6:      layout_basic, uniq_blork_the_orc, uniq_menkaure

Skill      XL: |  1  2  3  4  5  6  7  8 |
---------------+-------------------------+-----
Axes           | 3 4 5 6 8 10 | 10.0
Shields        | 4 5 |  5.2
Armour         | 4 5 |  5.6
Fighting       | 4 5 6 |  6.1
Dodging        | 1 |  1.0
Stealth        | |  0.2

Action                     |  1- 3 |  4- 6 |  7- 9 || total
---------------------------+-------+-------+-------++-------
  Melee: War axe           |    99 |   135 |       ||   234
         Hand axe          |       |   129 |   179 ||   308
 Invoke: Convert to Beogh  |       |       |     1 ||     1
    Use: Scroll            |       |     3 |     3 ||     6
         Potion            |       |     1 |     2 ||     3
   Stab: Distracted        |       |     1 |       ||     1
 Armour: Scale mail        |    92 |    71 |       ||   163
         Plate armour      |       |   109 |   152 ||   261
  Dodge: Dodged            |    67 |    77 |    44 ||   188
  Block: Buckler           |    32 |    58 |    43 ||   133

Table legend: (Time is in decaauts)
 A = Elapsed time spent in this place.
 B = Non-inter-level travel time spent in this place.
 C = Inter-level travel time spent in this place.
 D = Time resting spent in this place.
 E = Time spent auto-exploring this place.
 F = Levels seen in this place.
 G = Mean time per level.
                   A        B        C        D        E       F      G
               +--------+--------+--------+--------+--------+-----+--------+
         Total |   5154 |   5026 |    128 |      0 |   3994 |   7 |  736.3 |
       Dungeon |   4923 |   4795 |    128 |      0 |   3897 |   6 |  820.5 |
       Ossuary |    230 |    230 |      0 |      0 |     97 |   1 |  230.0 |
               +--------+--------+--------+--------+--------+-----+--------+

Top non-repeatable levels by time:
     D:4: 1038 daAuts
     D:3: 918 daAuts
     D:2: 918 daAuts
     D:5: 785 daAuts
     D:1: 753 daAuts
     D:6: 509 daAuts
 Ossuary: 230 daAuts
